 Dungeon Crawl Stone Soup version 0.22-a0-271-gc000056 (webtiles) character file.

1491995 Zwobot the Conqueror (level 27, 249/249 HPs)
             Began as a Mummy Berserker on Mar 10, 2018.
             Was an Elder of Trog.
             Escaped with the Orb
             ... and 3 runes on Mar 11, 2018!
             The game lasted 05:01:12 (93383 turns).

Zwobot the Conqueror (Mummy Berserker)             Turns: 93383, Time: 05:01:12

Health: 249/249    AC: 39    Str: 38    XL:     27
Magic:  10/10      EV: 17    Int: 14    God:    Trog [****..]
Gold:   856        SH: 16    Dex: 15    Spells: 26/26 levels left

rFire    + . .     SeeInvis +   a - +9 demon whip (antimagic)
rCold    + + .     Gourm    .   H - +0 shield
rNeg     + + +     Faith    +   h - +8 storm dragon scales
rPois    ∞         Spirit   .   f - +2 helmet {Int+3}
rElec    +         Reflect  .   T - scarf {rC+ rF+}
rCorr    +         Harm     .   G - +2 pair of gloves {Str+3}
MR       +++..                  X - +2 pair of boots {run}
Stlth    ..........             B - amulet of faith
HPRegen  0.51/turn              Y - ring of resist corrosion
MPRegen  0.12/turn              j - ring of Kiunn {rF+ Str+4 Int+4 Dex+2 SInv}

@: quick
A: no food or potions, fire vulnerability, cold resistance 1, negative energy
resistance 3, torment resistance, unbreathing, in touch with death 2
0: Orb of Zot
}: 3/15 runes: decaying, serpentine, silver
a: Trog's Hand, Brothers in Arms, Renounce Religion


You escaped.
You worshipped Trog.
Trog was greatly pleased with you.
You were not hungry.

You visited 10 branches of the dungeon, and saw 50 of its levels.
You visited 1 bazaar.
You visited 1 ziggurat, and saw 6 of its levels.
You also visited: Labyrinth, Ossuary, Ice Cave and Volcano.

You collected 7840 gold pieces.
You spent 6984 gold pieces at shops.

Inventory:

Hand Weapons
 a - a +9 antimagic demon whip (weapon)
 b - a +8 hand crossbow of flaming
 c - the +12 arbalest of Beacefeg {penet, Str+2}
   (You found it on level 5 of the Depths)

   Ammo fired by it will pass through the targets it hits, potentially hitting
   all targets in its path until it reaches maximum range.
   It affects your strength (+2).
 l - a +5 hand crossbow of freezing
 w - a +3 antimagic eveningstar
 Z - a +2 demon whip of electrocution
Missiles
 d - 2166 bolts
 n - 5 throwing nets (quivered)
 C - 32 javelins of returning
 P - 7 poisoned javelins
Armour
 f - a +2 helmet of intelligence (worn)
 h - +8 storm dragon scales (worn)
 G - a +2 pair of gloves of strength (worn)
 H - a +0 shield (worn)
 T - a scarf of resistance (worn)
 X - a +2 pair of boots of running (worn)
Jewellery
 i - the ring of Inusedghu {rF+ Dex+2}
   (You took it off a spriggan air mage on level 5 of the Depths)

   [ring of protection from fire]

   It affects your dexterity (+2).
   It protects you from fire.
 j - the ring of Kiunn (right hand) {rF+ Str+4 Int+4 Dex+2 SInv}
   (You took it off a naga on level 4 of the Snake Pit)

   [ring of protection from fire]

   It affects your strength (+4).
   It affects your intelligence (+4).
   It affects your dexterity (+2).
   It protects you from fire.
   It lets you see invisible.
 q - the ring "Xameif" {Dex+3 Slay+3}
   (You took it off a vault guard on level 5 of the Vaults)

   [ring of slaying]

   It affects your dexterity (+3).
   It affects your accuracy and damage with ranged weapons and melee attacks
   (+3).
 t - a +4 ring of evasion
 z - the ring "Suucaro" {MR+ Dex+7 Slay+2}
   (You bought it in a shop on level 2 of the Depths)

   [ring of protection from magic]

   It affects your dexterity (+7).
   It affects your accuracy and damage with ranged weapons and melee attacks
   (+2).
   It affects your resistance to hostile enchantments.
 B - an amulet of faith (around neck)
 D - an uncursed ring of protection from cold
 E - the cursed ring of Division {-Tele rF++ Str-5}
   (You took it off a deep elf sorcerer on level 3 of the Elven Halls)

   [ring of strength]

   It affects your strength (-5).
   It greatly protects you from fire.
   It prevents most forms of teleportation.
   It has a curse placed upon it.
 L - an uncursed ring of flight
 U - the ring "Fiyrchuc" {*Tele +Blink rPois Dex+5 Stlth-}
   (You took it off a tengu warrior on level 2 of the Depths)

   [ring of teleportation]

   It may teleport you next to monsters.
   It affects your dexterity (+5).
   It protects you from poison.
   It lets you blink.
   It makes you less stealthy.
 Y - a ring of resist corrosion (left hand)
Wands
 s - a wand of digging (6)
 u - a wand of paralysis (10)
 v - a wand of iceblast (24)
 x - a wand of polymorph (16)
 A - a wand of clouds (1)
 K - a wand of scattershot (3)
 R - a wand of acid (10)
Scrolls
 e - 19 scrolls of teleportation
 m - 19 scrolls of remove curse
 o - a scroll of magic mapping
 p - 11 scrolls of fog
 r - 20 scrolls of identify
 y - 5 scrolls of vulnerability
 F - 2 scrolls of torment
 M - 4 scrolls of immolation
 N - 4 scrolls of fear
 O - 10 scrolls of blinking
 S - 2 scrolls of summoning
 W - 2 scrolls of silence
Miscellaneous
 g - a fan of gales
 k - 2 sacks of spiders
 I - a lightning rod (4/4)
 J - a phial of floods
 Q - a lamp of fire
 V - a phantom mirror


   Skills:
 O Level 27 Fighting
 - Level 14.5 Maces & Flails
 + Level 10.4 Crossbows
 - Level 20.4 Armour
 - Level 11.6 Dodging
 - Level 15.0 Shields
 + Level 11.2 Evocations


You had 26 spell levels left.
You didn't know any spells.

Dungeon Overview and Level Annotations

Branches:
Dungeon (15/15)            Temple (1/1) D:6            Lair (6/6) D:11
  Swamp (4/4) Lair:3        Snake (4/4) Lair:3        Slime (0/5) Lair:5
    Orc (2/2) D:9             Elf (3/3) Orc:2        Vaults (5/5) D:14
  Crypt (0/3) Vaults:2     Depths (5/5) D:15            Zot (5/5) Depths:5

Altars:
Ashenzari
Cheibriados
Dithmenos
Elyvilon
Fedhas
Gozag
Hepliaklqana
Kikubaaqudgha
Makhleb
Nemelex Xobeh
Okawaru
Qazlal
Ru
Sif Muna
Trog
Uskayaw
Vehumet
Wu Jian
Xom
Yredelemnul
Zin
The Shining One
Beogh
Jiyva

Shops:
D:6 *?[   D:10 %   Orc:2 *[(:   Elf:1 ?   Elf:3 [(%:   Snake:3 !
Vaults:5 %%?%   Depths:2 =}=   Depths:5 }*

Portals:
Hell: Depths:1 Depths:2 Depths:3 Depths:4 Depths:5
Abyss: Depths:2 Depths:4
Pandemonium: Depths:3 Depths:5

Annotations:
D:2 1 runed door
D:7 1 exclusion
D:8 exclusion: downstairs
Lair:6 1 runed door, 2 exclusions
Elf:2 5 runed doors
Elf:3 exclusion: Roxanne, Roxanne
Zot:3 4 exclusions
Zot:5 exclusions: upstairs and 2 more exclusions


Innate Abilities, Weirdness & Mutations

You do not eat or drink.
Your flesh is vulnerable to fire.
You are immune to poison.
Your flesh is cold resistant. (rC+)
You are immune to negative energy. (rN+++)
You are immune to unholy pain and torment.
You can survive without breathing.
You are strongly in touch with the powers of death.


Message History

You whack the orange demon!
The orange demon is moderately wounded.
The orange demon stings you but does no damage.
You block the orange demon's attack.
You closely miss the orange demon.
The orange demon is moderately wounded.
You whack the orange demon!
The orange demon is heavily wounded.
The orange demon barely misses you. You block the orange demon's attack.
You hit the orange demon.
The orange demon is heavily wounded.
You thrash the orange demon!!
You kill the orange demon!
Trog accepts your kill. Something appears at your feet!
Trog grants you ammunition!
d - 2166 bolts (gained 34)
There is an open door here.
There is a staircase leading out of the dungeon here.
You have escaped!

........########.########.....#..
..#....## ###.......### ##.......
..#...## ##...........## ##...#.#
......# ##....≈≈≈≈≈....## #...#+#
#.#...# #...≈≈≈≈≈≈≈≈≈...# #......
###..####..≈≈.......≈≈..####.....
..#..# #...≈..##'##..≈...# #.....
..#..# #..≈≈.##...##.≈≈..# #.....
..#..# #..≈≈.##.@.##.≈≈..# #.....
.....# #..≈≈.##...##.≈≈..# #..#..
.....# #...≈..#####..≈...# #.....
.....####..≈≈.......≈≈..####.....
......# #...≈≈≈≈.≈≈≈≈...# #......
......# ##....≈≈.≈≈....## #......
......## ##...........## ##......
.......## ###.......### ##...)...
........#################........


There were no monsters in sight!

Vanquished Creatures
  5 orbs of fire
  3 ancient liches (Zot:5)
  A juggernaut (Depths:3)
  A shard shrike (Zot:2)
  Margery (Depths:2)
  Frederick (Vaults:2)
  Saint Roka (Snake:3)
  7 Killer Klowns
  5 caustic shrikes
  2 curse toes
  8 golden dragons
  A bone dragon (Vaults:2)
  5 electric golems
  Jorgrun (Depths:4)
  10 tentacled monstrosities
  5 liches
  3 titans (Vaults:5)
  2 deep elf master archers (Elf:3)
  26 Orb Guardians
  An acid blob (Zot:2)
  3 quicksilver dragons
  A deep elf blademaster (Elf:3)
  Gastronok (Lair:2)
  4 sphinxes
  4 death cobs
  11 shadow dragons
  3 thorn hunters
  11 storm dragons
  5 draconian monks
  5 tengu reavers
  4 deep elf sorcerers
  2 ghost moths
  5 draconian knights
  10 nagarajas (Snake:4)
  9 frost giants
  11 fire giants
  13 vault wardens
  3 iron dragons
  Louise (Depths:2)
  8 draconian scorchers
  An emperor scorpion (D:15)
  2 orc warlords
  8 draconian shifters
  12 draconian stormcallers
  3 draconian annihilators
  4 spriggan defenders
  7 deep elf elementalists
  20 stone giants
  33 very ugly things
  13 ironheart preservers
  An entropy weaver (Vaults:5)
  A war gargoyle (Vaults:5)
  14 black draconians
  12 green draconians
  A lorocyproca (Zot:1)
  11 yellow draconians
  5 deep elf demonologists
  8 red draconians
  7 spark wasps
  A dire elephant (shapeshifter) (Zig:4)
  11 white draconians
  9 purple draconians
  5 deep elf annihilators
  14 ettins
  2 merfolk javelineers
  A green death (Zot:2)
  10 deep elf death magi
  2 merfolk impalers
  8 deep elf high priests
  A crystal guardian (Vaults:4)
  9 fire dragons
  12 ogre magi
  5 great orbs of eyes
  3 jiangshi (Depths:1)
  22 hydras
  29 naga warriors
  31 vault guards
  19 yaktaur captains
  3 rakshasas
  4 spriggan air magi
  5 ice dragons
  9 anacondas
  13 centaur warriors
  A catoblepas (Lair:3)
  A ghost crab (Swamp:4)
  2 death knights
  19 dancing weapons
  An alligator snapping turtle (Zig:5)
  A merfolk aquamancer (Zig:5)
  6 alligators
  A large abomination (Elf:3)
  9 deep troll earth magi
  2 tengu warriors (Depths:2)
  48 two-headed ogres
  3 vampire magi
  13 deep troll shamans
  5 orc high priests
  A spriggan berserker (Depths:2)
  2 shock serpents (Snake:1)
  13 naga sharpshooters
  2 salamander mystics
  6 deep elf knights
  14 hell knights
  2 iron trolls (Depths:2)
  A sixfirhy (D:10)
  3 small abominations (Elf:3)
  3 shadow wraiths
  A skeletal warrior (Vaults:3)
  A death drake (shapeshifter) (D:15)
  A storm dragon skeleton (Depths:1)
  5 swamp dragons
  19 deep trolls
  3 unseen horrors
  2 spriggan druids
  3 glowing orange brains
  3 spectral hydras (Swamp:4)
  3 flayed ghosts
  10 naga ritualists
  7 wizards
  2 shambling mangroves
  5 deep elf archers
  2 lindwurms
  A deep troll (shapeshifter) (Vaults:5)
  6 necromancers
  3 phantasmal warriors (Vaults:5)
  15 orc knights
  17 ironbrand convokers
  7 harpies
  10 mana vipers
  A frost giant zombie (Depths:1)
  3 wolf spiders
  4 cyclopes
  4 oklob plants (Zig:5)
  4 fauns
  2 orc sorcerers
  25 ugly things
  2 manticores
  9 elephants
  38 deep elf magi
  15 salamanders
  16 moths of wrath
  A salamander (shapeshifter) (Depths:5)
  14 vault sentinels
  A frost giant skeleton (Vaults:5)
  A merfolk siren (Zig:5)
  20 naga magi
  12 guardian serpents
  A fire giant skeleton (Depths:1)
  3 ice statues (IceCv)
  37 black mambas
  16 spiny frogs
  An orange demon (D:1)
  5 rime drakes
  3 torpor snails
  5 spectral swamp worms (Depths:1)
  52 yaktaurs
  A spiny frog (shapeshifter) (D:14)
  A hellwing (Zot:4)
  2 swamp worm zombies (Swamp:4)
  A tormentor (Zig:1)
  7 komodo dragons
  A kobold demonologist (Elf:1)
  6 freezing wraiths
  4 tengu conjurers
  4 hydra zombies (Swamp:4)
  A polar bear (Lair:2)
  3 merfolk (Zig:5)
  A jumping spider (shapeshifter) (Vaults:1)
  A wind drake (shapeshifter) (Vaults:5)
  4 tyrant leeches
  2 hornets (shapeshifter)
  A shadow dragon simulacrum (Vaults:3)
  21 hornets
  7 bog bodies
  3 spectral swamp dragons (Swamp:4)
  10 trolls
  11 hippogriffs
  39 slime creatures
  18 blink frogs
  4 alligator zombies (Swamp:4)
  2 dream sheep (shapeshifter)
  27 dream sheep
  A hippogriff (shapeshifter) (Vaults:2)
  5 redbacks
  5 spriggans
  3 air elementals
  An ice dragon skeleton (Depths:1)
  4 wyverns
  24 water elementals
  4 tarantellas
  4 shadows
  A hog (shapeshifter) (Vaults:2)
  7 hungry ghosts
  5 wraiths
  4 basilisks
  A neqoxec (Depths:1)
  40 yaks
  A steam dragon (Lair:6)
  11 vampire mosquitoes
  A chaos spawn (Zig:4)
  12 insubstantial wisps (Swamp:4)
  59 nagas
  A spriggan simulacrum (Zig:2)
  24 swamp worms
  10 wargs
  A swamp worm (shapeshifter) (D:15)
  4 acid dragons
  2 soldier ants
  A floating eye (shapeshifter) (Elf:1)
  2 hell hounds (D:11)
  4 swamp drakes
  9 water moccasins
  2 sky beasts
  3 floating eyes
  3 swamp dragon zombies (Swamp:4)
  13 ice beasts
  10 porcupines
  51 orc warriors
  9 phantoms
  5 black bears
  3 necrophages
  9 boggarts
  A tengu (shapeshifter) (Vaults:5)
  11 centaurs
  31 ogres
  36 wolves (Lair:1)
  An elf skeleton (Vaults:5)
  13 crocodiles
  A big kobold (D:14)
  13 bullfrogs
  2 gnoll sergeants
  5 earth elementals
  A wyvern zombie (D:11)
  A glowing shapeshifter simulacrum (Vaults:5)
  10 killer bees
  13 wights
  2 electric eels
  3 howler monkeys
  7 crimson imps
  3 centaur zombies
  A bullfrog zombie (D:7)
  15 orc priests
  4 jellies
  2 hounds
  2 bullfrog skeletons (D:12)
  An iron imp (Depths:4)
  23 orc wizards
  A centaur skeleton (D:7)
  3 iguanas
  4 hell rats (Lair:6)
  11 worker ants
  A big kobold zombie (Ossuary)
  2 hound zombies
  9 mummies
  2 worker ant zombies
  12 adders
  13 gnolls
  3 river rats (Lair:6)
  A swamp drake zombie (Swamp:4)
  2 shadow imps (D:6)
  An ooze (D:4)
  An adder zombie (D:5)
  A worm (D:3)
  2 dart slugs
  100 orcs
  9 bats
  8 giant cockroaches
  A gnoll zombie (Ossuary)
  3 hobgoblins
  21 jackals
  7 quokkas
  3 ball pythons
  A bat (shapeshifter) (Vaults:5)
  7 frilled lizards
  9 goblins
  2 hobgoblin zombies (Ossuary)
  A jackal skeleton (D:5)
  8 kobolds
  2 kobold zombies (Ossuary)
  2 orc zombies (Ossuary)
  A quokka skeleton (D:4)
  11 rats
  A briar patch (Swamp:1)
  2 crawling corpses (Vaults:5)
  5 fungi
  6 plants
2196 creatures vanquished.

Vanquished Creatures (collateral kills)
  An ancient lich (Vaults:4)
  A juggernaut (Depths:4)
  The ghost of kuniqs the Slayer, a veteran DDFi of Makhleb (Zot:2)
  A golden dragon (Depths:2)
  A bone dragon (Swamp:4)
  Rupert (Snake:1)
  2 nagarajas (Snake:4)
  A fire giant (Vaults:4)
  An entropy weaver (Vaults:4)
  A minotaur (Lab)
  An ettin (Vaults:5)
  A yaktaur captain (Depths:2)
  A naga warrior (Snake:4)
  A centaur warrior (Vaults:2)
  A spriggan berserker (Depths:2)
  Urug (Lair:5)
  A spectral hydra (Swamp:4)
  A spriggan druid (Swamp:4)
  A phantasmal warrior (Swamp:4)
  2 ironbrand convokers
  A lindwurm (Lair:6)
  An orc knight (Vaults:4)
  A deep elf mage (Vaults:1)
  2 vault sentinels
  3 torpor snails (Lair:6)
  A yaktaur (shapeshifter) (Vaults:4)
  3 yaktaurs
  3 hornets (Lair:6)
  2 tyrant leeches (Lair:6)
  A yaktaur skeleton (Depths:1)
  A slime creature (Swamp:4)
  A swamp worm (Swamp:4)
  A porcupine (Lair:5)
  A phantom (Swamp:4)
44 creatures vanquished.

Vanquished Creatures (others)
  A golden dragon (Depths:5)
  A fire giant (Vaults:5)
  A very ugly thing (Vaults:2)
  An ettin (Vaults:2)
  A hydra (Zig:6)
  2 alligators (Swamp:4)
  A deep elf mage (Elf:1)
  A moth of wrath (Zot:5)
  A naga (Snake:1)
  An insubstantial wisp (Swamp:4)
  An orc warrior (Vaults:4)
  An ogre (Vaults:3)
  A bullfrog (D:9)
  2 jackals (D:9)
  6 briar patches (Swamp:4)
  A bush (Lair:6)
  15 fungi
  47 plants
85 creatures vanquished.

Grand Total: 2325 creatures vanquished

Notes
Turn   | Place    | Note
-------+----------+-------------------------------------------
     0 | D:1      | Zwobot the Mummy Berserker began the quest for the Orb.
     0 | D:1      | Reached XP level 1. HP: 18/18 MP: 1/1
   312 | D:1      | Reached XP level 2. HP: 24/24 MP: 2/2
  1455 | D:2      | Reached XP level 3. HP: 29/29 MP: 3/3
  1815 | D:2      | Found a runed door.
  1846 | D:3      | Reached skill level 4 in Fighting
  1872 | D:3      | Reached XP level 4. HP: 30/37 MP: 4/4
  2062 | D:3      | Reached ** piety under Trog
  2378 | D:3      | Found a hide-covered altar of Uskayaw.
  2796 | D:4      | Reached XP level 5. HP: 41/43 MP: 5/5
  2813 | D:4      | Reached skill level 5 in Fighting
  3238 | D:4      | Found a basalt altar of Yredelemnul.
  3238 | D:4      | Found an iron altar of Okawaru.
  3243 | D:4      | Found a stormy altar of Qazlal.
  3245 | D:4      | Found a blossoming altar of Fedhas.
  3246 | D:4      | Found a bloodstained altar of Trog.
  3574 | D:5      | Entered Level 5 of the Dungeon
  3730 | D:5      | Noticed a necrophage
  3740 | D:5      | Killed a necrophage
  3740 | D:5      | Reached XP level 6. HP: 51/52 MP: 6/6
  3787 | D:5      | Reached skill level 6 in Fighting
  3937 | D:5      | Reached XP level 7. HP: 50/59 MP: 7/7
  4385 | D:6      | Reached skill level 7 in Fighting
  4385 | D:6      | Reached skill level 1 in Evocations
  4523 | D:6      | Found Xerhu's General Store.
  4531 | D:6      | Bought a scroll of enchant armour for 90 gold pieces
  4543 | D:6      | Found a staircase to the Ecumenical Temple.
  4681 | D:6      | Found Eptadu's Armour Shoppe.
  4705 | D:6      | Found Puibariun's Magic Scroll Shop.
  4711 | D:6      | Bought a scroll of fear for 49 gold pieces
  4818 | D:6      | Found a white marble altar of Elyvilon.
  4883 | D:6      | Found a deep blue altar of Sif Muna.
  5018 | D:6      | Bought a scroll of identify for 28 gold pieces
  5018 | D:6      | Bought a scroll of identify for 28 gold pieces
  5018 | D:6      | Bought a scroll of identify for 28 gold pieces
  5018 | D:6      | Bought a scroll of enchant armour for 105 gold pieces
  5018 | D:6      | Bought a scroll of magic mapping for 49 gold pieces
  5055 | Temple   | Entered the Ecumenical Temple
  5404 | D:7      | Reached XP level 8. HP: 24/68 MP: 9/9
  5490 | D:7      | Reached skill level 8 in Fighting
  6164 | D:7      | Noticed a hornet
  6571 | D:7      | Reached skill level 9 in Fighting
  6969 | D:7      | Killed a hornet
  6969 | D:7      | Reached skill level 5 in Armour
  6972 | D:7      | Reached XP level 9. HP: 69/77 MP: 11/11
  7014 | D:7      | Found a radiant altar of Vehumet.
  7182 | D:7      | Found an ornate altar of the Wu Jian Council.
  7424 | D:8      | Found a sand-covered staircase.
  7435 | Ossuary  | Entered an ossuary
  7790 | D:8      | Reached *** piety under Trog
  8417 | D:9      | Noticed Psyche
  8419 | D:9      | Noticed Psyche
  8419 | D:9      | Psyche changed into Psyche the big kobold
  8422 | D:9      | Noticed Psyche
  8422 | D:9      | Psyche the big kobold changed into Psyche the warg
  8430 | D:9      | Killed Psyche the warg
  8430 | D:9      | Reached skill level 10 in Fighting
  8551 | D:9      | Reached skill level 5 in Maces & Flails
  8598 | D:9      | Noticed a two-headed ogre
  8676 | D:9      | Found a burning altar of Makhleb.
  8685 | D:9      | Found a glowing silver altar of Zin.
  8685 | D:9      | Noticed an angel
  8685 | D:9      | Noticed a green death
  8842 | D:9      | Found a staircase to the Orcish Mines.
  9196 | D:10     | Entered Level 10 of the Dungeon
  9302 | D:10     | Noticed a two-headed ogre
  9306 | D:10     | Killed a two-headed ogre
  9306 | D:10     | Reached XP level 10. HP: 85/86 MP: 12/12
  9729 | D:10     | Found Yfewk's Food Emporium.
  9757 | D:10     | Reached **** piety under Trog
  9832 | D:10     | Noticed a two-headed ogre
 10067 | D:10     | Killed a two-headed ogre
 10313 | D:10     | Reached skill level 11 in Fighting
 10884 | D:11     | Found a staircase to the Lair.
 11268 | D:6      | Bought a scroll of fog for 24 gold pieces
 11268 | D:6      | Bought a scroll of teleportation for 36 gold pieces
 11268 | D:6      | Bought a wand of flame (23) for 150 gold pieces
 11567 | D:11     | Noticed a cyclops
 11623 | Lair:1   | Entered Level 1 of the Lair of Beasts
 11628 | Lair:1   | Noticed a spiny frog
 11640 | Lair:1   | Killed a spiny frog
 11640 | Lair:1   | Reached XP level 11. HP: 48/93 MP: 13/13
 11880 | Lair:1   | Noticed a seven-headed hydra
 11888 | Lair:1   | Killed a seven-headed hydra
 13084 | Lair:1   | Noticed a six-headed hydra
 13106 | Lair:1   | HP: 2/95 [six-headed hydra (8)]
 13107 | Lair:1   | Killed a six-headed hydra
 13107 | Lair:1   | Reached skill level 10 in Maces & Flails
 13541 | Lair:1   | Noticed a six-headed hydra
 13547 | Lair:1   | Killed a six-headed hydra
 14063 | Lair:2   | Reached XP level 12. HP: 101/101 MP: 14/14
 14113 | Lair:2   | Identified the +1 chain mail of the Monk {MR+ Dex+3 Stlth+} (You found it on level 2 of the Lair of Beasts)
 14125 | Lair:2   | Noticed Gastronok
 14177 | Lair:2   | Killed Gastronok
 14479 | Lair:2   | Noticed an eight-headed hydra
 14490 | Lair:2   | Killed an eight-headed hydra
 15759 | Lair:3   | Found a dark tunnel.
 15768 | Volcano  | Entered a volcano
 16571 | Lair:3   | Noticed a catoblepas
 17195 | Lair:3   | Gained mutation: You are in touch with the powers of death. [Mummy growth]
 17195 | Lair:3   | Reached XP level 13. HP: 100/107 MP: 15/15
 17533 | Lair:3   | Found a staircase to the Snake Pit.
 17863 | Lair:3   | Found a staircase to the Swamp.
 18830 | Lair:4   | Reached ***** piety under Trog
 19113 | Lair:4   | Received a gift from Trog
 19117 | Lair:4   | Reached skill level 1 in Shields
 19780 | Lair:5   | Reached skill level 12 in Fighting
 19937 | Lair:5   | Found a viscous altar of Jiyva.
 19938 | Lair:5   | Found a staircase to the Slime Pits.
 19938 | Lair:5   | Noticed Urug
 19981 | Lair:5   | Killed Urug
 20323 | Lair:5   | Noticed Nessos
 20324 | Lair:5   | Noticed Nessos
 20324 | Lair:5   | Nessos changed into Nessos the tarantella
 20348 | Lair:5   | Killed Nessos the tarantella
 20869 | Lair:6   | Entered Level 6 of the Lair of Beasts
 20997 | Lair:6   | Received a gift from Trog
 21436 | Lair:6   | Reached XP level 14. HP: 87/116 MP: 16/16
 21884 | Lair:6   | Found a runed door.
 22199 | Lair:6   | Received a gift from Trog
 23120 | D:12     | Reached skill level 13 in Fighting
 23162 | D:11     | Reached skill level 5 in Shields
 24121 | D:12     | Received a gift from Trog
 24500 | D:13     | Reached skill level 5 in Dodging
 24592 | D:13     | Identified the Papyrus of Axaxaxas mlö
 24616 | D:13     | Identified the Catalogue of Sand
 25524 | D:14     | Found a labyrinth entrance.
 25531 | Lab      | Entered a labyrinth
 25663 | Lab      | Got fine fire dragon scales
 25674 | Lab      | Identified the cursed +0 fire dragon scales of Lutz {*Contam rF++ rC- Str+7} (You found it in a labyrinth)
 25718 | Lab      | Identified the +1 ring mail of the Heron {rC+ MP+9 Int+3} (You found it in a labyrinth)
 25820 | D:14     | Reached XP level 15. HP: 117/125 MP: 17/17
 26299 | D:14     | Found a gate to the Vaults.
 26881 | D:14     | Found a deep blue altar of Sif Muna.
 26908 | D:15     | Entered Level 15 of the Dungeon
 26955 | D:15     | Reached skill level 14 in Fighting
 27157 | D:15     | Identified the +0 ring mail of the Blue Moon {rC+ Str+2} (You found it on level 15 of the Dungeon)
 27304 | D:15     | Found a staircase to the Depths.
 27507 | D:15     | Found a frozen archway.
 27513 | IceCv    | Entered an ice cave
 27524 | IceCv    | Received a gift from Trog
 27880 | IceCv    | Identified a +0 pair of boots of running (You found it in an ice cave)
 28059 | D:15     | Found an ancient bone altar of Kikubaaqudgha.
 28990 | Orc:1    | Entered Level 1 of the Orcish Mines
 29068 | Orc:1    | Received a gift from Trog
 29645 | Orc:1    | Found a roughly hewn altar of Beogh.
 30008 | Orc:2    | Entered Level 2 of the Orcish Mines
 30014 | Orc:2    | Noticed an orc warlord
 30061 | Orc:2    | Killed an orc warlord
 30341 | Orc:2    | Found Gisovai's Antique Weapon Shop.
 30622 | Orc:2    | Received a gift from Trog
 31811 | Orc:2    | Found Ofepp's Book Shoppe.
 32170 | Orc:2    | Found Litaaske's General Store.
 32179 | Orc:2    | Bought a scroll of magic mapping for 45 gold pieces
 32179 | Orc:2    | Bought a wand of paralysis (1) for 39 gold pieces
 32216 | Orc:2    | Found Gypig's Antique Armour Boutique.
 32304 | Orc:2    | Found a staircase to the Elven Halls.
 32598 | Orc:1    | Reached skill level 15 in Fighting
 32616 | Orc:1    | Reached XP level 16. HP: 88/136 MP: 18/18
 33021 | Swamp:1  | Entered Level 1 of the Swamp
 33296 | Swamp:1  | Noticed a thorn hunter
 33310 | Swamp:1  | Killed a thorn hunter
 33880 | Swamp:1  | Identified the +1 scale mail "Feunov" {*Slow rPois rN+ MP+9} (You found it on level 1 of the Swamp)
 34385 | Swamp:2  | Noticed a thorn hunter
 34408 | Swamp:2  | Killed a thorn hunter
 34408 | Swamp:2  | Reached skill level 5 in Crossbows
 36070 | Swamp:3  | Reached ****** piety under Trog
 36082 | Swamp:4  | Entered Level 4 of the Swamp
 36260 | Swamp:4  | Received a gift from Trog
 37125 | Swamp:4  | Noticed a thorn hunter
 37195 | Swamp:4  | Reached skill level 10 in Shields
 38309 | Swamp:4  | Killed a thorn hunter
 38381 | Swamp:4  | Received a gift from Trog
 39052 | Swamp:4  | Noticed a bone dragon
 39090 | Swamp:4  | Killed a bone dragon
 39449 | Swamp:4  | Got a decaying rune of Zot
 39648 | Snake:1  | Entered Level 1 of the Snake Pit
 40549 | Snake:1  | Identified the cursed +0 ring mail of Discretion {rElec} (You found it on level 1 of the Snake Pit)
 40589 | Snake:1  | Reached XP level 17. HP: 124/142 MP: 6/19
 41576 | Snake:1  | Received a gift from Trog
 41724 | Snake:1  | Reached skill level 10 in Armour
 41876 | Snake:1  | Noticed Rupert
 41892 | Snake:1  | Killed Rupert
 42574 | Snake:1  | Found a gateway to a bazaar.
 42586 | Bazaar   | Entered a bazaar
 42586 | Bazaar   | Found Tehub's Distillery.
 42586 | Bazaar   | Found Waag's Distillery.
 42652 | Bazaar   | Found Voujuk Koce's Gadget Emporium.
 42665 | Bazaar   | Found Soph's Armour Shoppe.
 42678 | Bazaar   | Found Inept's General Store.
 42710 | Bazaar   | Bought a wand of acid (7) for 286 gold pieces
 42710 | Bazaar   | Bought a phantom mirror for 390 gold pieces
 42710 | Bazaar   | Bought a wand of acid (3) for 182 gold pieces
 42710 | Bazaar   | Bought a wand of enslavement (12) for 182 gold pieces
 42771 | Snake:2  | Found an ornate altar of the Wu Jian Council.
 44398 | Snake:3  | Received a gift from Trog
 44398 | Snake:3  | Reached skill level 5 in Evocations
 44601 | Snake:3  | Found Wexugaz's Distillery.
 44796 | Snake:3  | Received a gift from Trog
 44824 | Snake:3  | Noticed Saint Roka
 44867 | Snake:3  | Killed Saint Roka
 45426 | Snake:4  | Entered Level 4 of the Snake Pit
 46472 | Snake:4  | Received a gift from Trog
 46760 | Snake:4  | Received a gift from Trog
 47448 | Snake:4  | Reached XP level 18. HP: 118/149 MP: 8/24
 48233 | Snake:4  | Received a gift from Trog
 48709 | Snake:4  | Received a gift from Trog
 51073 | Snake:4  | Identified the ring of Kiunn {rF+ Str+4 Int+4 Dex+2 SInv} (You took it off a naga on level 4 of the Snake Pit)
 51259 | Snake:4  | Received a gift from Trog
 51633 | Snake:4  | Got a serpentine rune of Zot
 52023 | D:6      | Bought +1 shadow dragon scales for 957 gold pieces
 52318 | Vaults:1 | Entered Level 1 of the Vaults
 52831 | Vaults:1 | Reached skill level 16 in Fighting
 53862 | Vaults:1 | Received a gift from Trog
 54217 | Vaults:1 | Reached XP level 19. HP: 158/158 MP: 8/25
 54239 | Vaults:1 | Received a gift from Trog
 54609 | Vaults:2 | Noticed Frederick
 55084 | Vaults:2 | Killed Frederick
 55620 | Vaults:2 | Received a gift from Trog
 56003 | Vaults:2 | Reached skill level 17 in Fighting
 56456 | Vaults:2 | Reached skill level 15 in Shields
 56708 | Vaults:2 | Noticed a bone dragon
 56730 | Vaults:2 | Killed a bone dragon
 56876 | Vaults:2 | Found a staircase to the Crypt.
 57047 | Vaults:2 | Received a gift from Trog
 58642 | Vaults:3 | Received a gift from Trog
 59115 | Vaults:3 | Reached XP level 20. HP: 139/168 MP: 8/26
 59519 | Vaults:3 | Received a gift from Trog
 60481 | Vaults:4 | Reached skill level 18 in Fighting
 60600 | Vaults:4 | Noticed an ancient lich
 60610 | Vaults:4 | Killed an ancient lich
 60883 | Vaults:4 | Received a gift from Trog
 62525 | Depths:1 | Entered Level 1 of the Depths
 62734 | Depths:1 | Noticed a caustic shrike
 62744 | Depths:1 | Killed a caustic shrike
 62909 | Depths:1 | Received a gift from Trog
 63669 | Depths:1 | Found a gateway to Hell.
 63836 | Depths:1 | Got a coiled steel ring
 63837 | Depths:1 | Identified the ring "Otofemn" {Ice MR- Int+4 SInv} (You found it on level 1 of the Depths)
 64281 | Depths:2 | Noticed Margery
 64303 | Depths:2 | Received a gift from Trog
 64312 | Depths:2 | Reached XP level 21. HP: 158/178 MP: 9/27
 64321 | Depths:2 | Killed Margery
 64321 | Depths:2 | Reached skill level 10 in Crossbows
 64549 | Depths:1 | Received a gift from Trog
 65074 | Depths:2 | Received a gift from Trog
 65090 | Depths:1 | Reached skill level 19 in Fighting
 65593 | Depths:2 | Identified the cursed +0 scale mail of Wumop {-Tele rCorr SInv} (You found it on level 2 of the Depths)
 65703 | Depths:2 | Got a bound pewter ring
 65750 | Depths:2 | Noticed Louise
 65765 | Depths:2 | Found Daqupn's Jewellery Shoppe.
 65766 | Depths:2 | Found Heyfiul's Gadget Shop.
 65768 | Depths:2 | Found Bohoh's Jewellery Shoppe.
 66129 | Depths:2 | Bought the ring "Suucaro" {MR+ Dex+7 Slay+2} for 881 gold pieces
 66142 | Depths:2 | Bought a wand of clouds (4) for 576 gold pieces
 66236 | Depths:2 | Found a one-way gate to the infinite horrors of the Abyss.
 66250 | Depths:2 | Killed Louise
 67664 | Depths:3 | Reached skill level 10 in Dodging
 68246 | Depths:3 | Noticed a caustic shrike
 68256 | Depths:3 | Killed a caustic shrike
 68259 | Depths:3 | Identified the ring "Fiyrchuc" {*Tele +Blink rPois Dex+5 Stlth-} (You took it off a tengu warrior on level 2 of the Depths)
 68349 | Depths:3 | Reached skill level 20 in Fighting
 68435 | Depths:3 | Noticed Sojobo
 68437 | Depths:3 | Noticed Sojobo
 68437 | Depths:3 | Sojobo changed into Sojobo the juggernaut
 68451 | Depths:3 | Killed Sojobo the juggernaut
 68451 | Depths:3 | Received a gift from Trog
 69414 | Depths:3 | Found a one-way gate leading to the halls of Pandemonium.
 69544 | Depths:3 | Identified the Volume of Stolen Souls and Conjuration
 69749 | Depths:2 | Noticed a caustic shrike
 69757 | Depths:2 | Received a gift from Trog
 69766 | Depths:2 | Killed a caustic shrike
 69777 | Depths:2 | Noticed a golden dragon
 69785 | Depths:2 | Killed a golden dragon
 70123 | Depths:4 | Noticed Jorgrun
 70140 | Depths:4 | Killed Jorgrun
 70181 | Depths:4 | Found a sparkling altar of Nemelex Xobeh.
 70238 | Depths:4 | Noticed a juggernaut
 70252 | Depths:4 | Killed a juggernaut
 70270 | Depths:4 | Noticed a caustic shrike
 70277 | Depths:4 | Killed a caustic shrike
 70288 | Depths:4 | Reached XP level 22. HP: 114/192 MP: 9/28
 72040 | Elf:1    | Entered Level 1 of the Elven Halls
 72040 | Elf:1    | Found Jala's Magic Scroll Shop.
 72051 | Elf:1    | Received a gift from Trog
 72096 | Elf:1    | Bought a scroll of acquirement for 780 gold pieces
 72115 | Elf:1    | Bought a scroll of enchant armour for 112 gold pieces
 72261 | Elf:1    | Identified the cursed +0 troll leather armour of the Falcon {-Cast rElec Regen+ Int+7 SInv} (You found it on level 1 of the Elven Halls)
 72907 | Elf:2    | Received a gift from Trog
 72933 | Elf:2    | Found a huge runed gate.
 72933 | Elf:2    | Found a huge runed gate.
 72934 | Elf:2    | Found a huge runed gate.
 72935 | Elf:2    | Found a huge runed gate.
 72939 | Elf:2    | Found a huge runed gate.
 73462 | Elf:3    | Entered Level 3 of the Elven Halls
 73484 | Elf:3    | Found Anopn's Food Emporium.
 73500 | Elf:3    | Reached skill level 21 in Fighting
 73597 | Elf:3    | Found Qoudenk's Book Shop.
 74063 | Elf:3    | Received a gift from Trog
 74101 | Elf:3    | Got a crude tin ring
 74147 | Elf:3    | Identified the +4 scythe "Gimnyr" {chaos, rF++} (You took it off a deep elf death mage on level 3 of the Elven Halls)
 74186 | Elf:3    | Got a fine lead ring
 74187 | Elf:3    | Identified the cursed ring of Division {-Tele rF++ Str-5} (You took it off a deep elf sorcerer on level 3 of the Elven Halls)
 74188 | Elf:3    | Identified the cursed ring "Kuiliost" {rN+ AC-3 Dex+3 Stlth+} (You took it off a deep elf master archer on level 3 of the Elven Halls)
 74413 | Elf:3    | Received a gift from Trog
 74490 | Elf:3    | Identified the +0 pair of boots of Gaoromon {MR+} (You found it on level 3 of the Elven Halls)
 74498 | Elf:3    | Identified the +6 plate armour of Xoal {rF+ Str+2 Dex+6} (You found it on level 3 of the Elven Halls)
 74764 | Elf:3    | Found Piesid's Antique Weapon Shoppe.
 74789 | Elf:3    | Found Tipt's Armour Shoppe.
 74815 | Elf:3    | Noticed Roxanne
 75735 | Elf:1    | Bought a scroll of enchant armour for 112 gold pieces
 75738 | Elf:1    | Bought a scroll of fog for 30 gold pieces
 75738 | Elf:1    | Bought a scroll of blinking for 112 gold pieces
 75738 | Elf:1    | Bought a scroll of enchant weapon for 112 gold pieces
 75738 | Elf:1    | Bought a scroll of teleportation for 45 gold pieces
 75738 | Elf:1    | Bought a scroll of torment for 112 gold pieces
 75738 | Elf:1    | Bought a scroll of teleportation for 45 gold pieces
 75738 | Elf:1    | Bought a scroll of enchant weapon for 112 gold pieces
 76148 | Vaults:5 | Entered Level 5 of the Vaults
 76676 | Vaults:5 | Received a gift from Trog
 76945 | Vaults:5 | Reached XP level 23. HP: 191/202 MP: 9/29
 77124 | Vaults:5 | Reached skill level 22 in Fighting
 77830 | Vaults:5 | Reached skill level 15 in Armour
 77876 | Vaults:5 | Received a gift from Trog
 78138 | Vaults:5 | Got a translucent iron ring
 78201 | Vaults:5 | Received a gift from Trog
 78803 | Vaults:5 | Found Ybiepn's Magic Scroll Shop.
 78803 | Vaults:5 | Found Serexeu's Food Emporium.
 78807 | Vaults:5 | Bought a scroll of enchant armour for 135 gold pieces
 78815 | Vaults:5 | Found Utaff's Food Shop.
 79119 | Vaults:5 | Received a gift from Trog
 79122 | Vaults:5 | Identified the ring "Xameif" {Dex+3 Slay+3} (You took it off a vault guard on level 5 of the Vaults)
 79153 | Vaults:5 | Identified the +6 dire flail "Ekel" {crush, Str+2} (You took it off a vault guard on level 5 of the Vaults)
 79724 | Vaults:5 | Found Egotiom's Food Shoppe.
 79734 | Vaults:5 | Got a silver rune of Zot
 80907 | Depths:2 | Bought a wand of digging (20) for 1152 gold pieces
 80983 | Depths:5 | Entered Level 5 of the Depths
 81030 | Depths:5 | Reached skill level 23 in Fighting
 81107 | Depths:5 | Got a wavering ivory ring
 81108 | Depths:5 | Identified the ring of Haew {Wiz rPois rC- MP+9 Int+6} (You found it on level 5 of the Depths)
 81124 | Depths:5 | Received a gift from Trog
 81216 | Depths:5 | Found Ixopyh's Gadget Boutique.
 81297 | Depths:5 | Reached XP level 24. HP: 214/214 MP: 9/29
 81306 | Depths:5 | Received a gift from Trog
 81535 | Depths:5 | Found a gateway to a ziggurat.
 81667 | Depths:5 | Found Nuxug's General Store.
 82101 | Depths:5 | Received a gift from Trog
 82317 | Depths:5 | Found a gate to the Realm of Zot.
 82324 | Depths:5 | Identified the +12 arbalest of Beacefeg {penet, Str+2} (You found it on level 5 of the Depths)
 82351 | Depths:5 | Got a coiled wooden ring
 82352 | Depths:5 | Identified the ring of Inusedghu {rF+ Dex+2} (You took it off a spriggan air mage on level 5 of the Depths)
 82573 | Depths:5 | Got a faintly glowing iron ring
 82675 | Depths:5 | Identified the ring "Zifiagh" {EV+2 Int+4 Dex+4} (You took it off a vampire mage on level 5 of the Depths)
 82705 | Depths:5 | Received a gift from Trog
 82914 | Zig:1    | Entered Level 1 of a ziggurat
 82930 | Zig:2    | Entered Level 2 of a ziggurat
 82955 | Zig:3    | Entered Level 3 of a ziggurat
 83005 | Zig:4    | Entered Level 4 of a ziggurat
 83172 | Zig:5    | Entered Level 5 of a ziggurat
 83203 | Zig:5    | Received a gift from Trog
 83473 | Zig:6    | Entered Level 6 of a ziggurat
 83483 | Zig:6    | Reached skill level 24 in Fighting
 83619 | Zot:1    | Entered Level 1 of the Realm of Zot
 83622 | Zot:1    | Noticed an orb of fire
 83651 | Zot:1    | Killed an orb of fire
 84171 | Zot:2    | Noticed a shard shrike
 84182 | Zot:2    | Killed a shard shrike
 84561 | Zot:2    | Reached XP level 25. HP: 215/225 MP: 9/29
 84787 | Zot:2    | Received a gift from Trog
 85009 | Zot:2    | Noticed kuniqs's ghost (veteran DDFi)
 85043 | Zot:2    | Killed kuniqs's ghost
 85466 | Zot:2    | Received a gift from Trog
 85479 | Zot:2    | Reached skill level 25 in Fighting
 86207 | Zot:3    | Received a gift from Trog
 88408 | Zot:4    | Received a gift from Trog
 88804 | Zot:4    | Gained mutation: You are strongly in touch with the powers of death. [Mummy growth]
 88804 | Zot:4    | Reached XP level 26. HP: 214/237 MP: 29/29
 88992 | Zot:5    | Entered Level 5 of the Realm of Zot
 89143 | Zot:5    | Noticed an ancient lich
 89202 | Zot:5    | Killed an ancient lich
 89202 | Zot:5    | Received a gift from Trog
 89399 | Zot:5    | Reached skill level 26 in Fighting
 89513 | Zot:5    | Noticed an orb of fire
 89544 | Zot:5    | Killed an orb of fire
 89616 | Zot:5    | Noticed an ancient lich
 89629 | Zot:5    | Killed an ancient lich
 89744 | Zot:5    | Noticed an orb of fire
 89769 | Zot:5    | Killed an orb of fire
 90135 | Zot:5    | Noticed an orb of fire
 90164 | Zot:5    | Killed an orb of fire
 91138 | Zot:5    | Received a gift from Trog
 91664 | Zot:5    | Noticed an orb of fire
 91691 | Zot:5    | Killed an orb of fire
 91723 | Zot:5    | Noticed an ancient lich
 91735 | Zot:5    | Killed an ancient lich
 91735 | Zot:5    | Reached skill level 27 in Fighting
 91816 | Zot:5    | Reached XP level 27. HP: 249/249 MP: 11/30
 91926 | Zot:5    | Reached skill level 10 in Evocations
 91941 | Zot:5    | Received a gift from Trog
 92574 | Zot:5    | Got the Orb of Zot
 92622 | Zot:5    | Noticed Wiymia the pandemonium lord
 93377 | D:1      | Received a gift from Trog
 93383 | D:$      | Escaped with the Orb!

Vault maps used:
D:1:      dpeg_arrival_concentric_ovals
D:2:      minmay_octomino_c4, uniq_crazy_yiuf_cottage
D:3:      lemuel_coloured_pillars_altar
D:4:      chequers_temple_overflow_minitemple, first_ration
D:6:      kennysheep_mini, kennysheep_mini_moat, minmay_temple_entry_large_hall,
          serial_shops, shop_fountains, shop, nicolae_shop_behind_doors
D:7:      marbit_many_paths, overflow_temple_1_default, grunt_ogre_cave
D:8:      gup_ossuary_entry_pyramid, columned_hall_lemuel, minmay_fountain_box
D:9:      grunt_temple_overflow_order_and_chaos_2, orc_0_dummy, uniq_psyche
D:10:     serial_shops, shop, moated_statue
D:11:     minmay_lair_entry_lava
D:13:     bh_hangedman_babel_library
D:14:     david_vaults_4, lemuel_blue_sif_altar, lab_entry_generic
D:15:     hangedman_depths_entry_try_elsewhere_first, old_standard_altar,
          portal_ice_cave_rime
Temple:   jpeg_temple_alley_garden
Lair:1:   grunt_forest_large_clearings
Lair:2:   beast_lair_carwin_11, infiniplex_staircase_pool, uniq_gastronok
Lair:3:   nicolae_swamp_entry_splash_gauntlet, dummy_snake_entry,
          nicolae_volcano_entry_lava_flow, beast_lair_carwin_6
Lair:5:   slime_altar_1, serial_bayou_shore_b, uniq_nessos, uniq_urug
Lair:6:   guppyfry_lair_end_dragon, wormcave, nicolae_quartered_pool_medium,
          kennysheep_abandoned_house, lemuel_fruit_tree
Swamp:1:  nicolae_swamp_little_tower
Swamp:2:  hangedman_swamp_ruin_wall
Swamp:3:  evilmike_swamp_ruin_house_3
Swamp:4:  swamp_pestilence, swamp_pool4
Snake:1:  serial_shops, bzr_firewalk, nrook_guardian_serpent_double, uniq_rupert
Snake:2:  basic_altar, basic_loot_grate_trap, grunt_megastairs_3
Snake:3:  serial_shops, shop, uniq_saint_roka
Snake:4:  grunt_snake_rune_spirals
Orc:1:    minmay_orc_temple_c
Orc:2:    grunt_orc_gardens, grunt_orc_garden, grunt_orc_garden,
          grunt_orc_garden, grunt_orc_garden
Elf:1:    serial_shops, shop, hangedman_elf_disciples
Elf:2:    chequers_big_river, minmay_strange_pillars
Elf:3:    minmay_elf_hall_quartered_circle, serial_shops,
          nicolae_shop_waterfront, shop, shop, nicolae_shop_behind_doors,
          minmay_misc_feat_diagonals, uniq_roxanne
Vaults:1: vaults_room_door_hall, nicolae_vaults_know_your_exits,
          ontoclasm_vaults_gateway, v_misc_2, ontoclasm_vaults_fault,
          hangedman_vaults_locks, v_misc_30, hangedman_vaults_corner_blocks,
          v_misc_18, vaults_dpeg_diagonal, v_rooms_3, v_misc_22,
          ontoclasm_vaults_tryst, vaults_mumra_chevron
Vaults:2: v_misc_5, v_misc_33, nicolae_vaults_theta,
          ontoclasm_vaults_claustrophobia, nicolae_vaults_little_squares_5,
          vaults_room_stairs_pillars, dpeg_vaults_monster_row, v_alt_pattern_2,
          minmay_crypt_entry_nasty_monster, v_misc_27, uniq_frederick
Vaults:3: grunt_vaults_funnel, v_misc_17, nicolae_vaults_diagonal_hallway_8,
          hangedman_vaults_corner_blocks, v_misc_16, grunt_vaults_focal,
          vaults_dpeg_ring, v_misc_17, v_misc_18
Vaults:4: vaults_room_hallway, vaults_standard_mumra_lines, v_misc_19,
          nicolae_vaults_hallways_thing, st_quartered_hall,
          nicolae_vaults_triangles, hangedman_vaults_stretched_pinwheel,
          v_misc_33, ontoclasm_vaults_misaligned, hangedman_vaults_pinch,
          vaults_mumra_chevron_long, vaults_room_corners,
          hangedman_vaults_restitches, nicolae_vaults_shelves_hall
Depths:1: pf_hell_entry_tar_river, nrook_uturn, infiniplex_enter_wizlab_water,
          minmay_hollow_rounded_squares
Depths:2: minmay_isolated_rectangles_in_corner,
          nicolae_abyss_entry_one_way_or_another, grunt_metal_band,
          serial_bayou, serial_bayou_ford_a, serial_bayou_pond_d,
          serial_bayou_pond_e, serial_bayou_lake_a, infiniplex_staircase_x,
          minmay_shop_grove
Depths:3: hangedman_cross_stitches, kennysheep_flooded_box, pan_entry,
          hell_entry, spider_trap, uniq_sojobo, uniq_margery
Depths:4: minmay_outward_triangles, grunt_hell_entry_dis_old, abyss_entry,
          serial_bayou_shore_a, nemelex_xobeh_ov_fountains_minmay,
          minmay_staircase_bubble, uniq_jorgrun
Depths:5: hangedman_spin_cycle, hell_entry, pan_entry
Zot:1:    gammafunk_dig_for_victory, nicolae_transmutations_shop
Zot:2:    kennysheep_room_grid, hangedman_zot_spectrum
Zot:3:    lemuel_draconian_sentries
Zot:5:    kennysheep_underground_church
Zig:5:    ziggurat_pillar_centre_oklobs
Lab:      nicolae_lab_lava, lab_hedge, nicolae_lab_grate_2,
          nicolae_lab_starburst, nicolae_lab_quarters, nicolae_lab_checkerboard,
          nicolae_lab_grate, labyrinth_skeletal_remains,
          nicolae_lab_very_dead_end, nicolae_lab_blocks
Bazaar:   bazaar_jpeg_hexagon
Ossuary:  ossuary_tomb_3
IceCv:    ice_cave_statue_garden_chambered
Volcano:  volcano_pools

Skill      XL: |  1  2  3  4  5  6  7  8  9 10 11 12 13 14 15 16 17 18 19 20 21 22 23 24 25 26 27 |
---------------+----------------------------------------------------------------------------------+-----
Maces & Flails | 3 6 8 10 12 14 | 14.5
Fighting       | 4 5 6 7 9 10 11 12 13 15 16 17 18 20 21 23 24 25 27 | 27.0
Armour         | 2 3 4 5 6 7 8 9 10 11 12 14 16 17 19 20 | 20.4
Evocations     | 2 3 8 9 11 | 11.2
Crossbows      | 4 7 9 10 | 10.4
Shields        | 3 6 8 10 12 14 15 | 15.0
Dodging        | 2 6 8 9 11 | 11.6

Action                   |  1- 3 |  4- 6 |  7- 9 | 10-12 | 13-15 | 16-18 | 19-21 | 22-24 | 25-27 || total
-------------------------+-------+-------+-------+-------+-------+-------+-------+-------+-------++-------
Melee: Mace              |   104 |       |       |       |       |       |       |       |       ||   104
       Quarterstaff      |    22 |   179 |   135 |       |       |       |       |       |       ||   336
       Morningstar       |       |       |   360 |   703 |  1846 |   328 |       |       |       ||  3237
       Demon whip        |       |       |       |       |       |  1768 |  1544 |  1881 |  1680 ||  6873
       Eveningstar       |       |       |       |       |       |    80 |   185 |       |       ||   265
 Fire: Hunting sling     |       |    11 |     9 |    29 |       |       |       |       |       ||    49
       Hand crossbow     |       |       |       |    23 |   296 |   713 |   602 |   458 |   201 ||  2293
Throw: Stone             |     4 |       |       |       |       |       |       |       |       ||     4
       Javelin           |       |       |     1 |    16 |     2 |       |       |       |       ||    19
       Throwing net      |       |       |       |       |     2 |     1 |     3 |       |     3 ||     9
Invok: Trog's Hand       |       |     1 |    12 |    13 |    27 |     9 |    17 |    20 |    25 ||   124
       Brothers in Arms  |       |       |       |       |     5 |     8 |    13 |     2 |     2 ||    30
 Abil: Evoke Flight      |       |       |       |       |       |       |     1 |       |       ||     1
Evoke: Wand              |       |     2 |    15 |    29 |    36 |    16 |    43 |    20 |    34 ||   195
       Lightning rod     |       |       |       |       |     9 |       |     4 |     4 |       ||    17
       Phial of floods   |       |       |       |       |     2 |       |       |       |       ||     2
       Lamp of fire      |       |       |       |       |     2 |     2 |     2 |     2 |       ||     8
       Sack of spiders   |       |       |       |       |       |       |     1 |       |     1 ||     2
       Phantom mirror    |       |       |       |       |       |       |       |       |     2 ||     2
  Use: Scroll            |     1 |     5 |    15 |     7 |    12 |    13 |    14 |    39 |     6 ||   112
 Stab: Paralysed         |       |       |     4 |       |     3 |       |       |       |       ||     7
       Confused          |       |       |       |     1 |       |       |       |     4 |       ||     5
       Held in net/web   |       |       |       |       |     1 |     2 |     3 |       |     4 ||    10
       Distracted        |       |       |       |       |       |     3 |     3 |       |     1 ||     7
       Sleeping          |       |       |       |       |       |     1 |     3 |     6 |       ||    10
Armor: Animal skin       |     6 |       |       |       |       |       |       |       |       ||     6
       Chain mail        |    70 |   104 |   100 |   175 |   661 |   601 |       |       |       ||  1711
       Plate armour      |       |       |   316 |   484 |       |       |       |       |       ||   800
       Scale mail        |       |       |    11 |       |       |       |       |       |       ||    11
       Fire dragon scale |       |       |       |       |   139 |       |       |       |       ||   139
       Shadow dragon sca |       |       |       |       |       |    48 |   345 |   103 |       ||   496
       Storm dragon scal |       |       |       |       |       |       |       |   338 |   477 ||   815
Dodge: Dodged            |    82 |    70 |   198 |   307 |   504 |   547 |   329 |   564 |   383 ||  2984
Block: Shield            |       |       |       |    74 |   758 |   855 |   149 |   869 |   581 ||  3286
       Large shield      |       |       |       |       |       |   211 |  1113 |       |       ||  1324

Table legend:
 A = Spawn XP
 B = Non-spawn XP
 C = Spawn XP percentage of total XP
 D = Spawn monster count
 E = Non-spawn monster count
 F = Spawn count percentage of total count
 G = Total turns spent on level
                    A         B        C        D         E        F      G
               +---------+---------+-------+---------+---------+-------+---------
         Total |       0 | 1539676 |   0.0 |       0 |    2225 |   0.0 | 93383
               +---------+---------+-------+---------+---------+-------+---------
           D:1 |       0 |      17 |   0.0 |       0 |      12 |   0.0 |  1035
           D:2 |       0 |      69 |   0.0 |       0 |      19 |   0.0 |   851
           D:3 |       0 |      63 |   0.0 |       0 |      20 |   0.0 |   745
           D:4 |       0 |     147 |   0.0 |       0 |      17 |   0.0 |  1027
           D:5 |       0 |     481 |   0.0 |       0 |      13 |   0.0 |   821
           D:6 |       0 |     496 |   0.0 |       0 |      15 |   0.0 |   815
           D:7 |       0 |    1594 |   0.0 |       0 |      36 |   0.0 |  2078
           D:8 |       0 |     982 |   0.0 |       0 |      29 |   0.0 |  1026
           D:9 |       0 |    3241 |   0.0 |       0 |      27 |   0.0 |  1324
          D:10 |       0 |    4028 |   0.0 |       0 |      34 |   0.0 |  1819
          D:11 |       0 |    3178 |   0.0 |       0 |      26 |   0.0 |  1456
          D:12 |       0 |    8424 |   0.0 |       0 |      43 |   0.0 |  1358
          D:13 |       0 |    9499 |   0.0 |       0 |      37 |   0.0 |  1055
          D:14 |       0 |   10635 |   0.0 |       0 |      43 |   0.0 |  1768
          D:15 |       0 |   14504 |   0.0 |       0 |      35 |   0.0 |  1320
        Lair:1 |       0 |   10894 |   0.0 |       0 |      54 |   0.0 |  2712
        Lair:2 |       0 |    7566 |   0.0 |       0 |      20 |   0.0 |  2047
        Lair:3 |       0 |   11391 |   0.0 |       0 |      40 |   0.0 |  2017
        Lair:4 |       0 |    8129 |   0.0 |       0 |      33 |   0.0 |  1110
        Lair:5 |       0 |    9856 |   0.0 |       0 |      30 |   0.0 |  1606
        Lair:6 |       0 |   17079 |   0.0 |       0 |      69 |   0.0 |  1731
       Swamp:1 |       0 |   10037 |   0.0 |       0 |      23 |   0.0 |  1177
       Swamp:2 |       0 |    8208 |   0.0 |       0 |      15 |   0.0 |   955
       Swamp:3 |       0 |    6597 |   0.0 |       0 |      21 |   0.0 |  1139
       Swamp:4 |       0 |   27840 |   0.0 |       0 |      76 |   0.0 |  3315
       Snake:1 |       0 |   20305 |   0.0 |       0 |      33 |   0.0 |  2553
       Snake:2 |       0 |   10536 |   0.0 |       0 |      22 |   0.0 |  1602
       Snake:3 |       0 |   16383 |   0.0 |       0 |      35 |   0.0 |  1204
       Snake:4 |       0 |   87168 |   0.0 |       0 |     143 |   0.0 |  6209
         Orc:1 |       0 |   11209 |   0.0 |       0 |      65 |   0.0 |  1756
         Orc:2 |       0 |   14075 |   0.0 |       0 |      58 |   0.0 |  2261
         Elf:1 |       0 |   14710 |   0.0 |       0 |      27 |   0.0 |   738
         Elf:2 |       0 |   13520 |   0.0 |       0 |      19 |   0.0 |   751
         Elf:3 |       0 |   54556 |   0.0 |       0 |      55 |   0.0 |  1521
      Vaults:1 |       0 |   40937 |   0.0 |       0 |      66 |   0.0 |  2683
      Vaults:2 |       0 |   61206 |   0.0 |       0 |      70 |   0.0 |  2835
      Vaults:3 |       0 |   39780 |   0.0 |       0 |      70 |   0.0 |  2712
      Vaults:4 |       0 |   53459 |   0.0 |       0 |      58 |   0.0 |  2493
      Vaults:5 |       0 |  153394 |   0.0 |       0 |     149 |   0.0 |  4425
      Depths:1 |       0 |   51516 |   0.0 |       0 |      63 |   0.0 |  2709
      Depths:2 |       0 |   62125 |   0.0 |       0 |      71 |   0.0 |  3418
      Depths:3 |       0 |   44169 |   0.0 |       0 |      36 |   0.0 |  1965
      Depths:4 |       0 |   27231 |   0.0 |       0 |      20 |   0.0 |  1504
      Depths:5 |       0 |   97028 |   0.0 |       0 |      84 |   0.0 |  2050
         Zot:1 |       0 |   19686 |   0.0 |       0 |      10 |   0.0 |   374
         Zot:2 |       0 |  120643 |   0.0 |       0 |      72 |   0.0 |  2165
         Zot:3 |       0 |   44137 |   0.0 |       0 |      29 |   0.0 |  1539
         Zot:4 |       0 |   54192 |   0.0 |       0 |      30 |   0.0 |  1687
         Zot:5 |       0 |  212615 |   0.0 |       0 |      76 |   0.0 |  3500
         Zig:1 |       0 |     854 |   0.0 |       0 |       2 |   0.0 |    16
         Zig:2 |       0 |     819 |   0.0 |       0 |       4 |   0.0 |    25
         Zig:3 |       0 |    2623 |   0.0 |       0 |       3 |   0.0 |    50
         Zig:4 |       0 |   11374 |   0.0 |       0 |       4 |   0.0 |   167
         Zig:5 |       0 |    9213 |   0.0 |       0 |      15 |   0.0 |   301
         Zig:6 |       0 |    6676 |   0.0 |       0 |      12 |   0.0 |    48
           Lab |       0 |    1421 |   0.0 |       0 |       4 |   0.0 |   231
       Ossuary |       0 |     176 |   0.0 |       0 |      16 |   0.0 |   216
         IceCv |       0 |    3250 |   0.0 |       0 |      11 |   0.0 |   431
       Volcano |       0 |    3735 |   0.0 |       0 |       6 |   0.0 |   570
               +---------+---------+-------+---------+---------+-------+---------
